 Dungeon Crawl Stone Soup version 0.27.1-4-g1640c2035a (webtiles) character file.

Game seed: 2992005941701601201

831 pkoi the Shield-Bearer (level 7, -4/57 HPs)
             Began as a Minotaur Fighter on Nov 9, 2021.
             Was an Initiate of Qazlal.
             Slain by a gnoll sergeant (12 damage)
             ... on level 4 of the Dungeon.
             The game lasted 00:05:05 (5007 turns).

pkoi the Shield-Bearer (Minotaur Fighter)           Turns: 5007, Time: 00:05:05

Health: -4/57      AC: 12    Str: 23    XL:     7   Next: 65%
Magic:  7/7        EV:  8    Int:  5    God:    Qazlal [......]
Gold:   184        SH: 11    Dex:  9    Spells: 6/6 levels left

rFire    . . .     SeeInvis .   a - +0 long sword
rCold    . . .     Faith    .   c - +0 kite shield
rNeg     . . .     Spirit   .   b - +0 scale mail
rPois    .         Reflect  .   l - +2 hat {Will+}
rElec    .         Harm     .   t - +0 cloak
rCorr    .         Rampage  .   r - +1 pair of gloves
Will     +....                  (no boots)
Stlth    ..........             (no amulet)
HPRegen  0.19/turn              (no ring)
MPRegen  0.10/turn              (no ring)

@: lethally poisoned (-4 -> -21)
A: horns 2, retaliatory headbutt
a: Renounce Religion


You were on level 4 of the Dungeon.
You worshipped Qazlal.
Qazlal was noncommittal.
You visited 2 branches of the dungeon, and saw 6 of its levels.

You collected 184 gold pieces.

Inventory:

Hand Weapons
 a - a +0 long sword (weapon)
Armour
 b - a +0 scale mail (worn)
 c - a +0 kite shield (worn)
 l - a +2 hat of willpower (worn)
 r - a +1 pair of gloves (worn)
 t - a +0 cloak (worn)
Jewellery
 g - a ring of magical power
 h - an amulet of regeneration
Wands
 k - a wand of digging (6)
 n - a wand of iceblast (9)
 s - a wand of polymorph (12)
Scrolls
 i - a scroll of summoning {unknown}
 m - a scroll of amnesia
 o - a scroll of teleportation {unknown}
 q - a scroll of blinking {unknown}
 w - a scroll of acquirement {unknown}
Potions
 d - 2 potions of might
 e - a potion of heal wounds {unknown}
 f - 2 potions of magic {unknown}
 j - a potion of invisibility {unknown}
 p - a potion of degeneration {unknown}
 u - a potion of ambrosia {unknown}
 v - 2 potions of lignification {unknown}


   Skills:
 - Level 3.6 Fighting
 + Level 6.8 Long Blades
 - Level 3.6 Armour
 + Level 7.4 Shields
 + Level 2.4 Invocations
 - Level 2.4 Evocations


You had 6 spell levels left.
You didn't know any spells.
Your spell library contained the following spells:

 Spells                   Type           Power      Damage    Failure   Level
 Corona                   Hex            0%         N/A       98%         1
 Ensorcelled Hibernation  Hex/Ice        0%         N/A       99%         2
 Tukima's Dance           Hex            0%         N/A       100%        3


Dungeon Overview and Level Annotations

Branches:
Dungeon (5/15)             Temple (1/1) D:4

Altars:
Cheibriados
Dithmenos
Hepliaklqana
Kikubaaqudgha
Okawaru
Qazlal
Sif Muna
Vehumet
Wu Jian
Yredelemnul
Zin

Shops:
D:1 !(


Innate Abilities, Weirdness & Mutations

You have a pair of horns on your head.
You reflexively headbutt those who attack you in melee.


Message History

Unknown command.
You hit the ogre. Your headbutt misses the ogre.
The ogre is lightly wounded.
You feel very sick. You block the gnoll sergeant's attack.
You slash the ogre!
The ogre is heavily wounded.
You feel very sick. You block the ogre's attack.
You block the gnoll sergeant's attack.
Unknown command.
You slash the ogre!
The ogre is almost dead.
You feel very sick. The ogre closely misses you.
You riposte.
You slash the ogre!
You kill the ogre!
Qazlal accepts your kill.
The gnoll sergeant hits you with a +2 spear of venom!
* * * LOW HITPOINT WARNING * * *
You are more poisoned.
Unknown command.
You hit the gnoll sergeant but do no damage.
You headbutt the gnoll sergeant.
The gnoll sergeant is moderately wounded.
* * * LOW HITPOINT WARNING * * *
You feel very sick.
The gnoll sergeant hits you but does no damage.
You hit the gnoll sergeant.
The gnoll sergeant is heavily wounded.
* * * LOW HITPOINT WARNING * * *
You feel very sick.
The gnoll sergeant hits you with a +2 spear of venom.
* * * LOW HITPOINT WARNING * * *
You are lethally poisoned!
You block the gnoll sergeant's attack.
You hit the gnoll sergeant but do no damage.
The gnoll sergeant is heavily wounded.
* * * LOW HITPOINT WARNING * * *
You feel very sick.
The gnoll sergeant hits you with a +2 spear of venom!
You die...

############ #########
#..........# # #.......#
####.########.# #
#.......###.........# #.#
#########.......##...#.####.# #.#
...............g##...#.####.# #.#
...............)@)........#.# #.#
########........##...#.#..#.# #.#
# ###+#.............#.<#.# #.#
######..........#.#.......#.###.#
..)..'.................#......#.#
.#####............##.#......#.#.#
.# #............##...#.####.#.#
.### #............#....#.# #.#.#
...####......###..######.####.#.#


You could see a gnoll sergeant.

Vanquished Creatures
  Sigmund (D:2)
  An ogre (D:4)
  A phantom (D:3)
  An orc priest (D:4)
  2 hounds (D:4)
  Crazy Yiuf (D:3)
  A centaur skeleton (D:4)
  Natasha (thrice) (D:3)
  Terence (D:3)
  2 iguanas (D:4)
  2 orc wizards (D:4)
  3 gnolls
  6 adders
  A dart slug (D:1)
  A worm (D:3)
  11 orcs
  11 endoplasms
  2 giant cockroaches
  9 goblins
  6 hobgoblins
  2 jackals (D:1)
  2 quokkas (D:1)
  3 ball pythons
  2 bats
  A frilled lizard (D:2)
  A kobold (D:4)
  13 rats
90 creatures vanquished.

Vanquished Creatures (others)
  A fungus (D:3)
1 creature vanquished.

Grand Total: 91 creatures vanquished

Notes
Turn   | Place    | Note
-------+----------+-------------------------------------------
     0 | D:1      | pkoi the Minotaur Fighter began the quest for the Orb.
     0 | D:1      | Reached XP level 1. HP: 19/19 MP: 0/0
    87 | D:1      | Found Miebbuf's Antique Weapon Emporium.
   263 | D:1      | Reached skill level 4 in Shields
   263 | D:1      | Reached XP level 2. HP: 26/26 MP: 1/1
   443 | D:1      | Found Zogaarph's Distillery.
   819 | D:2      | Found a snail-covered altar of Cheibriados.
   914 | D:2      | Reached XP level 3. HP: 23/31 MP: 2/2
  1288 | D:2      | Noticed Sigmund
  1565 | D:3      | Noticed Terence
  1574 | D:3      | Killed Terence
  1657 | D:3      | Noticed Natasha
  1663 | D:3      | Killed Natasha
  1664 | D:3      | Reached skill level 5 in Shields
  1664 | D:3      | Reached XP level 4. HP: 25/39 MP: 3/3
  1720 | D:3      | Noticed Natasha
  1729 | D:3      | Killed Natasha
  1981 | D:3      | Noticed Natasha
  1989 | D:3      | Killed Natasha
  1990 | D:3      | Reached XP level 5. HP: 45/45 MP: 4/4
  2041 | D:3      | Noticed a phantom
  2055 | D:3      | Killed a phantom
  2056 | D:3      | Reached skill level 5 in Long Blades
  2056 | D:3      | Reached skill level 1 in Evocations
  2571 | D:3      | Found a runed translucent door.
  2572 | D:3      | Noticed Crazy Yiuf
  2579 | D:3      | Killed Crazy Yiuf
  2580 | D:3      | Reached skill level 6 in Shields
  2580 | D:3      | Reached XP level 6. HP: 49/51 MP: 5/5
  3041 | D:4      | HP: 1/51 [orc priest/nerve-wracking pain (12)]
  3395 | D:4      | Found a staircase to the Ecumenical Temple.
  3697 | Temple   | Entered the Ecumenical Temple
  3902 | Temple   | Became a worshipper of Qazlal Stormbringer
  4240 | D:4      | Reached skill level 1 in Invocations
  4240 | D:4      | Reached XP level 7. HP: 42/57 MP: 6/6
  4325 | D:4      | Found an ornate altar of the Wu Jian Council.
  4562 | D:2      | Found a faded altar of an unknown god.
  4745 | D:2      | Killed Sigmund
  4746 | D:2      | Reached skill level 7 in Shields
  4968 | D:5      | Entered Level 5 of the Dungeon
  5007 | D:4      | Slain by a gnoll sergeant

Illustrated notes

Levels and vault maps discovered:
D:1:      dpeg_arrival_tiny_g, layout_basic, serial_shops, shop,
          nicolae_shop_stone
D:2:      layout_loops_ring, ebering_ecumenical_altar_abandoned, basic_altar,
          uniq_sigmund
D:3:      layout_loops_cross, uniq_natasha, uniq_crazy_yiuf_cottage,
          uniq_terence
D:4:      minmay_angry_zag, layout_basic, mainiacjoe_overflow_cross_hatched,
          minmay_temple_entry_nine_rooms
D:5:      layout_layer_cave, mainiacjoe_overflow_surrounded_room, st_stairs_13,
          uniq_eustachio
Temple:   compressed_dpeg_triangle_lava_temple

Skill      XL: |  1  2  3  4  5  6  7 |
---------------+----------------------+-----
Shields        | 4 5 6 7 |  7.4
Long Blades    | 3 4 5 6 |  6.8
Evocations     | 1 2 |  2.4
Invocations    | 1 2 |  2.4
Fighting       | |  3.6
Armour         | |  3.6

Action                   |  1- 3 |  4- 6 |  7- 9 || total
-------------------------+-------+-------+-------++-------
Melee: Long sword        |    82 |   129 |    38 ||   249
       Headbutt          |    13 |    22 |     8 ||    43
  Use: Scroll            |     2 |       |       ||     2
Armor: Scale mail        |    31 |    44 |    13 ||    88
Dodge: Dodged            |    20 |    34 |    22 ||    76
Block: Kite shield       |    44 |    71 |    29 ||   144
       Rpst.: Long sword |     5 |     4 |     9 ||    18
